AoeStats
← Tolili

Coastal Forest

510839225Analyzed
3v3 RM · 14h ago on Oct 2, 2026· 24m 34s· 6 players
Game mode
Random Map
Map size
Normal (6 player)
Population
200
Speed
Normal
Resources
Standard
Victory
Conquest
Starting age
Dark Age
Ending age
Imperial Age
RankedLock teamsTeams togetherTeam positionsShared explorationLock speedFull tech treeHidden civsTurbo modeCheats
Victory
Defeat
🇪🇸 Portuguese · Spain
1352
+17
🇪🇸 Magyars · Spain
1316
+18
🇪🇸 Japanese · Spain
1258
+21
🇫🇷 Danes · France
1392
-20
🇫🇷 Mapuche · France
1388
-20
🇫🇷 Portuguese · France
1312
-16
Tolili
10:09 Feudal Age
14:51 Castle Age
12:46 Double-Bit Axe
13:10 Loom
13:51 Fletching
13:44 Horse Collar
13:57 Gold Mining
15:44 Crossbowman
17:48 Bodkin Arrow
20:59 Gold Shaft Mining
20:57 Bow Saw
23:13 Wheelbarrow
23:41 Ballistics
24:15 Medium Warships
24:57 Padded Archer Armor
blerasdg
6:24 Loom
8:52 Feudal Age
9:50 Double-Bit Axe
11:07 Horse Collar
17:14 Forging
17:55 Scale Barding Armor
20:58 Bloodlines
24:07 Castle Age
24:09 Gold Mining
24:56 Husbandry
25:15 Bow Saw
MMiguel
10:03 Feudal Age
11:11 Double-Bit Axe
11:28 Loom
17:00 Fletching
27:11 Castle Age
Tom
6:14 Loom
8:49 Feudal Age
9:19 Double-Bit Axe
14:15 Forging
17:02 Scale Barding Armor
21:59 Castle Age
20:04 Fletching
20:14 Padded Archer Armor
20:17 Horse Collar
21:15 Gold Mining
22:10 Light Cavalry
23:01 Bloodlines
22:14 Light Cavalry
23:42 Bodkin Arrow
Ziko
6:05 Loom
9:12 Feudal Age
10:06 Double-Bit Axe
9:55 Champi Runner
17:59 Scale Mail Armor
20:28 Forging
IndoMinou Rex
11:04 Feudal Age
13:43 Double-Bit Axe
16:20 Castle Age
17:52 Bow Saw
18:43 Fishing Lines
19:43 Forging
19:39 Scale Barding Armor
21:13 Iron Casting
21:42 Husbandry
22:18 Chain Barding Armor
23:17 Bloodlines
Connection lost

Rejoining the realm…

Still unreachable

The connection could not be restored.

Session expired

The server has moved on; the page needs a fresh start.